Unix NetHack Version 5.0.0-0 post-release - last build May 17 2026 04:57:42 (dc50c8380fa5e20985bfe3072449f57b8d9895ef,branch:main).

Game began 2026-05-17 22:43:27, ended 2026-05-18 00:08:51.

Brudee, chaotic female human Monk

   --
  --.-        ---
  |...----- ---.--  -
  |....)..---....---.. -----  ---
  --.............*..----...--  ..
  --................--...<..---..-- ---
  |.......)^......................--..-
  |....................--..|..| .*.....
  -.........%..)%......|------- -.....-
|.....|................---     --.....|
|....---..--.............----  |......---
--...  |....................-----.......##
 ----  -----...........----........@h....|
         ---..........--  -------........-
      ----.........----        ...--......>..
 ------........--..|           ---- ---....---
 |.......|.--..|----                    ..--
 --.....--------                          .
  -------                                 --

Brudee the Novice               St:15 Dx:13 Co:13 In:8 Wi:15 Ch:11  Chaotic S:705
Dlvl:5  $:45 HP:0(36) Pw:29(29) AC:4  Xp:4/115 T:996  Satiated

Latest messages:
 The gnome lord picks up a wooden shield.
 The gnome lord puts on a wooden shield.
 You begin striking monsters with your gloved hands.
 You hit the gnome!
 The gnome turns to flee.
 You kill the gnome!
 The dwarf throws a dagger!
 The dagger hits the gnome lord.
 You kill the gnome lord!
 You see here a gnome lord corpse.
 You hear crashing rock.
 You see here a dagger.
 The gnome wields a bow!
 The gnome shoots an arrow!
 The arrow hits the gnome.
 The gnome falls into a pit!
 You hear crashing rock.
 You kill the dwarf!
 Welcome to experience level 4.
 The gnome picks up a dwarvish cloak.
 You kill the gnome!
 The gnome lord picks up a red gem.
 You miss the gnome lord.
 You hit the gnome lord!
 The gnome lord hits!
 You hit the gnome lord!
 The gnome lord hits!
 You kill the gnome lord!
 The gnome shoots an arrow!
 The arrow hits the gnome!
 The gnome is killed!
 The gnome shoots an arrow!
 You are hit by an arrow!
 The gnome shoots an arrow!
 You are almost hit by an arrow.
 You kill the gnome!
 You see here an arrow.
 There are several objects here.
 You see here a dagger.
 You see here a gnome lord corpse.
 You see here 6 rocks.
 You swap places with the peaceful imp.
 The dwarf swings her broad pick.
 The dwarf hits!
 You hit the dwarf!
 The dwarf swings her broad pick.
 The dwarf hits!
 You die...
 Do you want your possessions identified? [ynq] (y) y
 Do you want to see your attributes? [ynq] (y) q

Inventory:
 Coins    ('$')
  $ - 45 gold pieces
 Weapons  (')')
  r - 3 +0 darts
  m - a +0 orcish dagger
 Armor    ('[')
  k - an uncursed +0 orcish helm
  a - an uncursed +2 pair of leather gloves (being worn)
  b - an uncursed +1 robe (being worn)
 Comestibles  ('%')
  f - 7 uncursed apples
  v - an uncursed cream pie
  e - 2 uncursed food rations
  y - 2 cursed food rations
  h - 4 uncursed fortune cookies
  E - 2 uncursed lembas wafers
  g - 6 uncursed oranges
 Scrolls  ('?')
  c - an uncursed scroll of blank paper
  q - an uncursed scroll of destroy armor
  o - an uncursed scroll of enchant weapon
  A - an uncursed scroll of identify
  F - a cursed scroll of magic mapping
 Spellbooks  ('+')
  i - a blessed spellbook of healing
  p - an uncursed spellbook of healing
 Potions  ('!')
  u - a cursed potion of confusion
  j - an uncursed potion of extra healing
  w - an uncursed potion of healing
  x - 2 cursed potions of healing
  t - an uncursed potion of levitation
  d - 3 uncursed potions of water
 Tools    ('(')
  D - an uncursed leash
 Gems/Stones  ('*')
  G - an uncursed worthless piece of black glass

Brudee the Monk's attributes:

Background:
 You were a Novice, a level 4 female human Monk.
 You were chaotic, on a mission for Huan Ti
 who was opposed by Shan Lai Ching (lawful) and Chih Sung-tzu (neutral).
 You were right-handed.
 You were in the Gnomish Mines, on level 5.
 You entered the dungeon 996 turns ago.
 It was the midnight hour.
 There was a new moon in effect when your adventure ended.
 You had 115 experience points, 45 more were needed to attain level 5.
 Your score was 705 before end-of-game adjustments.

Basics:
 You had 0 out of 36 hit points.
 You had all 29 energy points (spell power).
 Your armor class was 4.
 Your wallet contained 45 zorkmids.
 Autopickup was on for '$!=+?/"' plus thrown.

Final Characteristics:
 Your strength was 15 (limit:18/100).
 Your dexterity was 13 (limit:18).
 Your constitution was 13 (limit:18).
 Your intelligence was 8 (limit:18).
 Your wisdom was 15 (limit:18).
 Your charisma was 11 (limit:18).

Final Status:
 You were satiated.
 You were unencumbered.
 You were empty handed.
 You had basic skill with martial arts.

Final Attributes:
 You were devoutly aligned.
 You were sleep resistant.
 You were poison resistant.
 You saw invisible.
 You were guarded.
 Your spell casting was enhanced by wearing a robe.
 You were fast.
 You are dead.

Miscellaneous:
 You didn't encounter any bones levels.
 Total elapsed playing time was 39 minutes and 3 seconds.

Major events:
 Turn
    1: Brudee the chaotic female human Monk entered the dungeon
  869: attained the rank of Novice (level 3)
  915: entered the Gnomish Mines
  996: killed by a dwarf

Spells:
 Name                 Level Category     Fail Retention
 healing                1   healing        0%  91%-100%

Skills:
 Fighting Skills
   martial arts       [Basic]
 Weapon Skills
   quarterstaff       [Unskilled]
   spear              [Unskilled]
   crossbow           [Unskilled]
   shuriken           [Unskilled]
 Spellcasting Skills
   attack spells      [Unskilled]
   healing spells     [Basic]
   divination spells  [Unskilled]
   enchantment spells [Unskilled]
   clerical spells    [Unskilled]
   escape spells      [Unskilled]
   matter spells      [Unskilled]

Voluntary challenges:
 Character rerolling was not enabled.
 You followed a strict vegan diet.
 You were illiterate.
 You never genocided any monsters.
 You never polymorphed an object.
 You never changed form.
 You used no wishes.
Achievements:
 You attained the rank of Novice.
 You entered the Gnomish Mines.

 The Dungeons of Doom: levels 1 to 4
    Level 1:
       An altar to Huan Ti.
    Level 2:
       Some fountains.
    Level 3:
       A fountain.
    Level 4:
       A sink.
       Stairs down to The Gnomish Mines.
 The Gnomish Mines:
    Level 5: <- You were here.
       Final resting place for
          you, killed by a dwarf.


Vanquished creatures:
  2 gnome leaders
  a dwarf
  a large kobold
  a green mold
  4 gnomes
  a garter snake
  a gecko
  a jackal
  a kobold
  a goblin
  3 grid bugs
  2 bats
  4 lichens
  a kobold zombie
24 creatures vanquished.

No species were genocided or became extinct.

Game over:
                       ----------
                      /          \
                     /    REST    \
                    /      IN      \
                   /     PEACE      \
                  /                  \
                  |      Brudee      |
                  |      45 Au       |
                  |   killed by a    |
                  |      dwarf       |
                  |                  |
                  |                  |
                  |       2026       |
                 *|     *  *  *      | *
        _________)/\\_//(\/(/\)/\//\/|_)_______

Goodbye Brudee the Monk...

You died in The Gnomish Mines on dungeon level 5 with 701 points,
and 45 pieces of gold, after 996 moves.
You were level 4 with a maximum of 36 hit points when you died.

